 Dungeon Crawl Stone Soup version 0.22-a0-617-g6d95e9e (webtiles) character file.

33 digijack the Chiller (level 3, 0/26 HPs)
             Began as a Barachi Ice Elementalist on July 11, 2018.
             Succumbed to an adder's poison
             ... on level 2 of the Dungeon on July 12, 2018.
             The game lasted 00:07:05 (943 turns).

digijack the Chiller (Barachi Ice Elementalist)      Turns: 943, Time: 00:07:05

Health: 0/26       AC:  3    Str:  6 (9)  XL:     3   Next: 29%
Magic:  3/6        EV: 13    Int: 15 (16) God:
Gold:   55         SH:  0    Dex: 14 (15) Spells: 4/7 levels left

rFire    . . .     SeeInvis .   g - +0 dagger
rCold    . . .     Gourm    .   (no shield)
rNeg     . . .     Faith    .   a - +1 robe
rPois    .         Spirit   .   (no helmet)
rElec    .         Reflect  .   (no cloak)
rCorr    .         Harm     .   (no gloves)
MR       .....     Rnd*Tele +   (no boots)
Stlth    ++........             (no amulet)
HPRegen  0.08/turn              b - +3 ring of dexterity
MPRegen  0.10/turn              f - ring of teleportation (curse)

@: lethally poisoned (0 -> -3), can't hop, slow
A: +LOS, swims, low mp 1, slowness 1, wild magic 1, sturdy frame 1, strong legs
1
a: Hop


You were on level 2 of the Dungeon.
You were not hungry.

You visited 1 branch of the dungeon, and saw 2 of its levels.

You collected 55 gold pieces.

Inventory:

Hand Weapons
 g - a +0 dagger (weapon)
Armour
 a - a +1 robe (worn)
Jewellery
 b - a +3 ring of dexterity (left hand)
 f - a cursed ring of teleportation (right hand)
 h - an uncursed ring of resist corrosion
Scrolls
 e - a scroll of magic mapping
Comestibles
 c - 2 rations


   Skills:
 + Level 1.2 Fighting
 + Level 2.6 Dodging
 + Level 2.2 Stealth
 + Level 2.5 Spellcasting
 - Level 1.1 Conjurations
 + Level 4.0 Ice Magic


You had 4 spell levels left.
You knew the following spells:

 Your Spells              Type           Power        Failure   Level  Hunger
a - Freeze                Ice            ###.         7%          1    #......
b - Throw Frost           Conj/Ice       ##....       16%         2    ###....

Your spell library contained the following spells:

 Spells                   Type           Power        Failure   Level  Hunger
 Summon Ice Beast         Ice/Summ       ##......     75%         4    #####..
 Ozocubu's Armour         Chrm/Ice       ##......     36%         3    ###....
 Throw Icicle             Conj/Ice       ##......     67%         4    #####..


Dungeon Overview and Level Annotations

Branches:
Dungeon (2/15)

Altars:


Innate Abilities, Weirdness & Mutations

Shadows flee at your approach. (+LOS)
You can swim through water.
You cover ground slowly.
You can hop short distances.
Your magical capacity is low. (-10% MP)
Your spells are a little harder to cast, but a little more powerful.
Your movements are slightly less encumbered by armour. (ER -2)


Message History

The giant cockroach bites you but does no damage.
The kobold hits you.
* * * LOW HITPOINT WARNING * * *
The adder misses you. x2
* * * LOW HITPOINT WARNING * * *
You feel sick.
The teleport trap disappears.
The hobgoblin disappears!
The giant cockroach bites you.
* * * LOW HITPOINT WARNING * * *
The adder closely misses you. The kobold closely misses you.
The adder bites you.
* * * LOW HITPOINT WARNING * * *
Casting: Freeze (safe; 7% risk of failure)
Confirm with . or Enter, or press ? or * to list all spells.
Aiming: Freeze (safe; 7% risk of failure)
Press: ? - help, Shift-Dir - straight line, f - adder
Aim: an adder You freeze the adder.
The adder seems to slow down.
The adder is moderately wounded.
You die...

#.........#####
+...........<.#
#.........###.# .
#.........# #.#
### . ##.........#
#.# #..
.##..........# #.#
#.# .............#
#.# #.# ##
.............# #.#
#.# ###.#
.......#######
#@###.#######...##
#......#
#.Sg#.##..........
#......#
###Ksg............
#......#
#.Sw............
#......#
#...........#+##
#......#
#...........#.#
#......#
#...........#.#
##..####
#......##...#.#
....#
#......##..(#.#


You could see a worm, an adder, a giant cockroach, 2 hobgoblins, a ball python
and a kobold.

Vanquished Creatures
  An adder (D:2)
  A dart slug (D:1)
  2 leopard geckos (D:1)
  A giant cockroach (D:2)
  5 goblins
  3 hobgoblins
  2 bats
  A kobold (D:1)
  2 rats (D:1)
18 creatures vanquished.

Notes
Turn   | Place    | Note
-------+----------+-------------------------------------------
     0 | D:1      | digijack the Barachi Ice Elementalist began the quest for the Orb.
     0 | D:1      | Reached XP level 1. HP: 13/13 MP: 3/3
   142 | D:1      | Reached XP level 2. HP: 20/20 MP: 1/5
   151 | D:1      | Learned a level 2 spell: Throw Frost
   681 | D:2      | Reached skill level 1 in Fighting
   685 | D:2      | Reached XP level 3. HP: 17/26 MP: 0/6
   841 | D:2      | Gained mutation: Your movements are slightly less encumbered by armour. (ER -2) [potion of mutation]
   841 | D:2      | Gained mutation: Your magical capacity is low. (-10% MP) [potion of mutation]
   841 | D:2      | Gained mutation: Your spells are a little harder to cast, but a little more powerful. [potion of mutation]
   864 | D:2      | Upgraded the game from 0.22-a0-612-gd2f0174 to 0.22-a0-617-g6d95e9e
   905 | D:2      | Reached skill level 4 in Ice Magic
   942 | D:2      | HP: 1/26 [adder (1)]
   943 | D:2      | Succumbed to an adder's poison

Vault maps used:
D:1:      lemuel_arrival_hallway
D:2:      kennysheep_the_goblin_king, marbit_many_paths,
          chequers_ecumenical_altar_island, minmay_stone_trees_small

Skill      XL: |  1  2  3 |
---------------+----------+-----
Stealth        | 2 |  2.2
Fighting       | 1 |  1.2
Ice Magic      | 4 |  4.0
Dodging        | |  2.6
Spellcasting   | |  2.5
Conjurations   | |  1.1

Action                   || total
-------------------------++-------
Melee: Short sword       ||     5
       Dagger            ||    20
 Cast: Freeze            ||    27
       Throw Frost       ||     5
 Abil: Hop               ||     1
  Use: Scroll            ||     5
       Potion            ||     3
  Eat: Chunk             ||     1
Armor: Robe              ||     4
Dodge: Dodged            ||    39

Table legend:
 A = Spawn XP
 B = Non-spawn XP
 C = Spawn XP percentage of total XP
 D = Spawn monster count
 E = Non-spawn monster count
 F = Spawn count percentage of total count
 G = Total turns spent on level
                    A         B        C        D         E        F      G
               +---------+---------+-------+---------+---------+-------+---------
         Total |       0 |      48 |   0.0 |       0 |      18 |   0.0 |   943
               +---------+---------+-------+---------+---------+-------+---------
           D:1 |       0 |      20 |   0.0 |       0 |      10 |   0.0 |   675
           D:2 |       0 |      28 |   0.0 |       0 |       8 |   0.0 |   268
               +---------+---------+-------+---------+---------+-------+---------
